 Dungeon Crawl Stone Soup version 0.27-a0-1220-g54dba09ff7 (webtiles) character file.

Game seed: 3458624500777532009

46 Bnni the Chopper (level 3, 0/29 HPs)
             Began as a Palentonga Warper on June 7, 2021.
             Slain by an adder (2 damage)
             ... on level 2 of the Dungeon.
             The game lasted 00:04:12 (1555 turns).

Bnni the Chopper (Palentonga Warper)                Turns: 1555, Time: 00:04:13

Health: 0/29       AC:  5    Str: 15    XL:     3   Next: 46%
Magic:  6/6        EV:  8    Int: 13    God:
Gold:   24         SH:  0    Dex:  9    Spells: 6/6 levels left

rFire    . . .     SeeInvis +   a - +0 hand axe
rCold    . . .     Faith    .   (no shield)
rNeg     . . .     Spirit   .   f - +0 ring mail
rPois    .         Reflect  .   (no helmet)
rElec    .         Harm     .   (no cloak)
rCorr    .         Rampage  .   (no gloves)
Will     .....                  (no barding)
Stlth    ..........             (no amulet)
HPRegen  0.09/turn              (no ring)
MPRegen  0.10/turn              (no ring)

@: no status effects
A: large, rugged brown scales 3, see invisible, deformed body, roll 1, armoured
tail
a: Rolling Charge


You were on level 2 of the Dungeon.
You visited 1 branch of the dungeon, and saw 2 of its levels.

You collected 24 gold pieces.

Inventory:

Hand Weapons
 a - a +0 hand axe (weapon)
Missiles
 e - 2 boomerangs of dispersal (quivered)
Armour
 f - a +0 ring mail (worn)
Scrolls
 b - a scroll of teleportation {unknown}
 c - a scroll of torment {unknown}
 d - a scroll of blinking
 g - a scroll of enchant weapon {unknown}
 j - a scroll of amnesia {unknown}
Potions
 h - a potion of heal wounds {unknown}
 i - a potion of might {unknown}


   Skills:
 + Level 2.6 Fighting
 * Level 3.2 Axes
 - Level 0.6 Throwing
 - Level 0.7 Armour
 - Level 1.6 Dodging
 - Level 2.0 Spellcasting
 - Level 3.1 Translocations


You had 6 spell levels left.
You didn't know any spells.
Your spell library contained the following spells:

 Spells                   Type           Power      Damage    Failure   Level
 Apportation              Tloc           18%        N/A       14%         1
 Blink                    Tloc           N/A        N/A       21%         2
 Gell's Gravitas          Tloc           4%         N/A       38%         3
 Lesser Beckoning         Tloc           4%         N/A       38%         3
 Teleport Other           Tloc           9%         N/A       38%         3
 Animate Skeleton         Necr           2%         N/A       45%         1
 Corona                   Hex            1%         N/A       45%         1
 Summon Small Mammal      Summ           4%         N/A       45%         1
 Manifold Assault         Tloc           9%         N/A       98%         5


Dungeon Overview and Level Annotations

Branches:
Dungeon (2/15)

Altars:

Shops:
D:1 (


Innate Abilities, Weirdness & Mutations

You are completely covered in rugged brown scales. (AC +3, +7% HP)
You have supernaturally acute eyesight. (SInv)
Armour fits poorly on your strangely shaped body.
You can roll at nearby foes to attack.
You have a long armoured tail.


Message History

The adder bites you but does no damage. The adder barely misses you.
Throw: 5 boomerangs (disperse)
Press: ? - help, Q - select action, (/) - cycle Shift-Dir - straight line, f/p - adder
Aim: an adder (moderately wounded, 32% to hit)
You throw a boomerang of dispersal.
The boomerang of dispersal hits the adder.
The adder blinks!
The adder is heavily wounded.
Roll where?
Press: ? - help, Dir - move target, f/p - adder
Aim: an adder (heavily wounded)
You roll forward with a clatter of scales!
You hit the adder.
You tail-slap the adder, but do no damage.
The adder is severely wounded.
The adder bites you.
* * * LOW HITPOINT WARNING * * *
Throw: 4 boomerangs (disperse)
Press: ? - help, Q - select action, (/) - cycle Shift-Dir - straight line, f/p - adder
Aim: an adder (severely wounded, 32% to hit)
You throw a boomerang of dispersal.
The boomerang of dispersal hits the adder.
The adder blinks!
The adder is almost dead.
Roll where?
Press: ? - help, Dir - move target, f/p - adder
Aim: an adder (almost dead)
You roll forward with a clatter of scales!
You closely miss the adder.
The adder is almost dead.
The adder bites you.
* * * LOW HITPOINT WARNING * * *
The adder closely misses you.
Throw: 3 boomerangs (disperse)
Press: ? - help, Q - select action, (/) - cycle Shift-Dir - straight line, f/p - adder
Aim: an adder (almost dead, 32% to hit)
You throw a boomerang of dispersal.
The boomerang of dispersal closely misses the adder.
The adder bites you.
You die...

#..# ... .. #..# #.# .#.#
#..# #.# .#.# #..# #.#
.#.# #..# #.# .#.# #..#
#.# .#.#
###..####.###.#.#
..............#.#######.#
##'#######.....S@○○.....#
#.# #.####.#########
##.##### #.# #.# .'.'...#
#.. ..# ##.###.# #.# ####
#.# #.# ##.###+###.#
.........+.# ##.###+###


You could see an adder.

Vanquished Creatures
  A worm (D:2)
  3 dart slugs (D:1)
  A giant cockroach (D:1)
  5 goblins
  7 hobgoblins (D:1)
  5 jackals (D:1)
  3 quokkas (D:1)
  A bat (D:1)
  A frilled lizard (D:1)
  3 kobolds (D:1)
  4 rats (D:1)
34 creatures vanquished.

Vanquished Creatures (others)
  4 plants (D:1)
4 creatures vanquished.

Grand Total: 38 creatures vanquished

Notes
Turn   | Place    | Note
-------+----------+-------------------------------------------
     0 | D:1      | Bnni the Palentonga Warper began the quest for the Orb.
     0 | D:1      | Reached XP level 1. HP: 17/17 MP: 3/3
   125 | D:1      | Found Rodara's Weapon Shoppe.
   287 | D:1      | Reached XP level 2. HP: 23/23 MP: 5/5
   720 | D:1      | Reached XP level 3. HP: 29/29 MP: 6/6
  1555 | D:2      | Slain by an adder

Illustrated notes

Levels and vault maps discovered:
D:1:      scummos_arrival_checkerplants, layout_loops_corners, serial_shops,
          shop, serial_bayou_lake_a
D:2:      layout_loops_ring, minmay_door_square

Skill      XL: |  1  2  3 |
---------------+----------+-----
Axes           | 3 |  3.2
Fighting       | |  2.6
Throwing       | |  0.6
Armour         | |  0.7
Dodging        | |  1.6
Spellcasting   | |  2.0
Translocations | |  3.1

Action                   || total
-------------------------++-------
Melee: Hand axe          ||   132
       Tailslap          ||    14
Throw: Boomerang         ||     3
 Abil: Rolling Charge    ||    19
Armor: Leather armour    ||     6
       Ring mail         ||    47
Dodge: Dodged            ||    52

Table legend: (Time is in decaauts)
 A = Elapsed time spent in this place.
 B = Non-inter-level travel time spent in this place.
 C = Inter-level travel time spent in this place.
 D = Time resting spent in this place.
 E = Time spent auto-exploring this place.
 F = Levels seen in this place.
 G = Mean time per level.
                   A        B        C        D        E       F      G
               +--------+--------+--------+--------+--------+-----+--------+
         Total |   1614 |   1584 |     30 |     10 |   1334 |   2 |  807.0 |
       Dungeon |   1614 |   1584 |     30 |     10 |   1334 |   2 |  807.0 |
               +--------+--------+--------+--------+--------+-----+--------+

Top non-repeatable levels by time:
     D:1: 1316 daAuts
     D:2: 298 daAuts
